 Dungeon Crawl Stone Soup version 0.30.1-11-g7821555f0a (webtiles) character file.

Game seed: 2590413680501503836

64 SacredBeard the Grave Robber (level 3, 0/26 HPs)
             Began as a Demonspawn Necromancer on Nov 21, 2023.
             Slain by an adder (1 damage)
             ... on level 2 of the Dungeon.
             The game lasted 00:03:45 (2060 turns).

SacredBeard the Grave Robber (DsNe)                 Turns: 2060, Time: 00:03:46

Health: 0/26       AC:  2    Str: 14    XL:     3   Next: 91%
Magic:  1/6        EV: 12    Int: 18    God:
Gold:   45         SH:  0    Dex: 13    Spells: 5/6 levels left

rFire   . . .        q - +0 dagger
rCold   . . .        (no shield)
rNeg    . . .        a - +0 robe
rPois   .            (helmet restricted)
rElec   .            (no cloak)
rCorr   .            (no gloves)
SInv    .            (no boots)
Will    .....        (no amulet)
Stlth   ++           m - +6 ring of strength
HPRegen 0.24/turn    (no ring)
MPRegen 0.10/turn

%: no passive effects
@: mighty, lethally poisoned (0 -> -9)
A: horns 1, foul stench 1
a: no special abilities


You were on level 2 of the Dungeon.
You visited 1 branch of the dungeon, and saw 2 of its levels.

You collected 45 gold pieces.

Inventory:

Hand Weapons
 q - a +0 dagger (weapon)
Missiles
 e - 38 stones
 g - 3 poisoned darts
 n - 4 atropa-tipped darts
Armour
 a - a +0 robe (worn)
Jewellery
 m - a +6 ring of strength (left hand)
Scrolls
 c - a scroll of enchant weapon {unknown}
 j - a scroll of magic mapping {unknown}
 k - a scroll of amnesia {unknown}
 l - a scroll of fear {unknown}
 p - a scroll of teleportation {unknown}
Potions
 b - a potion of magic
 d - 2 potions of might
 f - a potion of curing {unknown}
 h - 2 potions of haste {unknown}
 i - a potion of invisibility {unknown}
 o - a potion of heal wounds {unknown}


   Skills:
 + Level 1.2 Fighting
 + Level 1.0 Throwing
 + Level 1.0 Armour
 - Level 2.0 Dodging
 + Level 2.3 Stealth
 - Level 2.0 Spellcasting
 * Level 5.0 Necromancy


You had 5 spell levels left.
You knew the following spells:

 Your Spells              Type           Power      Damage    Failure   Level
a - Necrotise             Necr           76%        1d7       2%          1

Your spell library contained the following spells:

 Spells                   Type           Power      Damage    Failure   Level
 Kiss of Death            Conj/Necr      40%        2d8       6%          1
 Vampiric Draining        Necr           19%        2d7       7%          3
 Animate Dead             Necr           19%        N/A       22%         4
 Dispel Undead            Necr           19%        3d11      22%         4
 Confusing Touch          Hex            1%         N/A       47%         3
 Agony                    Necr           19%        N/A       54%         5


Dungeon Overview and Level Annotations

Branches:
Dungeon (2/15) Zot: 9940

Altars:


Innate Abilities, Weirdness & Mutations

You have a pair of small horns on your head.
You may rarely emit foul miasma when damaged in melee.


Message History

You miss the adder. Your headbutt misses the adder.
The adder is heavily wounded.
You feel sick. The adder bites you but does no damage.
You barely miss the adder.
The adder is heavily wounded.
You feel sick. The adder bites you.
You hit the adder.
The adder is severely wounded.
You feel sick.
You are no longer poisoned.
The adder bites you.
You barely miss the adder.
The adder is severely wounded.
The adder completely misses you. The adder closely misses you.
You miss the adder.
The adder is severely wounded.
The adder bites you.
You are poisoned.
The adder poisons you!
You barely miss the adder.
The adder is severely wounded.
You feel sick. The adder barely misses you.
You hit the adder but do no damage.
The adder is severely wounded.
You feel sick. The adder bites you.
* * * LOW HITPOINT WARNING * * *
You are lethally poisoned!
The adder poisons you! The adder misses you.
You miss the adder. Your headbutt misses the adder.
The adder is severely wounded.
* * * LOW HITPOINT WARNING * * *
You feel sick. The adder bites you.
* * * LOW HITPOINT WARNING * * *
You are more poisoned.
The adder poisons you!
It was a potion of might.
You feel very mighty all of a sudden.
* * * LOW HITPOINT WARNING * * *
You feel sick. The adder bites you.
You die...

#.# #... #.#.# #.#
#..# ##.#.# #.# #..#
#.#)#.# #.##..#
.##.#.# #.#..#
..#.#.# #...##
.$#...# ###..##
##).##[.# ##..##
##S.# #..####
#.#..###@.#.###....##
##.#..#..#.## #.##..#
#.#.#...#.#.# #.###.#
#############
#.###.#####
#..........
###.......# #.....#..
#.....##. ########.


You could see an adder.

Vanquished Creatures
  2 adders (D:2)
  A worm (D:2)
  A dart slug (D:1)
  3 endoplasms (D:1)
  2 giant cockroaches
  4 goblins
  5 hobgoblins
  5 kobolds (D:1)
  A quokka (D:2)
  6 ball pythons
  A bat (D:1)
  3 frilled lizards
  3 rats (D:1)
37 creatures vanquished.

Vanquished Creatures (collateral kills)
  An endoplasm (D:2)
  A kobold (D:2)
2 creatures vanquished.

Grand Total: 39 creatures vanquished

Notes
Turn   | Place    | Note
-------+----------+-------------------------------------------
     0 | D:1      | SacredBeard the Demonspawn Necromancer began the quest for
                  | the Orb.
     0 | D:1      | Reached XP level 1. HP: 13/13 MP: 3/3
   240 | D:1      | Gained mutation: You may rarely emit foul miasma when
                  | damaged in melee. [demonic ancestry]
   240 | D:1      | Reached XP level 2. HP: 20/20 MP: 1/5
  1312 | D:2      | Gained mutation: You have a pair of small horns on your
                  | head. [demonic ancestry]
  1312 | D:2      | Reached XP level 3. HP: 9/25 MP: 0/6
  1314 | D:2      | HP: 1/25 [endoplasm (3)]
  1618 | D:2      | Reached skill level 1 in Fighting
  2012 | D:2      | Reached skill level 1 in Armour
  2012 | D:2      | Reached skill level 5 in Necromancy
  2045 | D:2      | Reached skill level 1 in Throwing
  2060 | D:2      | HP: 1/26 [poisoned by an adder]
  2060 | D:2      | Slain by an adder

Illustrated notes

Levels and vault maps discovered:
D:1:      minmay_arrival_pointy, layout_basic
D:2:      minmay_diamond_boxcup, layout_basic, st_stairs_3

Skill      XL: |  1  2  3 |
---------------+----------+-----
Dodging        | 2 |  2.0
Stealth        | 2 |  2.3
Fighting       | 1 |  1.2
Armour         | 1 |  1.0
Necromancy     | 5 |  5.0
Throwing       | 1 |  1.0
Spellcasting   | |  2.0

Action                     || total
---------------------------++-------
  Melee: Unarmed           ||     8
         Dagger            ||    13
         Headbutt          ||     2
   Cast: Necrotise         ||    71
    Use: Potion            ||     1
 Armour: Robe              ||     5
  Dodge: Dodged            ||    19
